 Dungeon Crawl Stone Soup version 0.29.0-4-gdea44cf6ec (webtiles) character file.

Game seed: 17284640435738824719

348 qw the Chopper (level 6, -3/38 HPs)
             Began as a Gargoyle Berserker on Sept 4, 2022.
             Was a Priest of Trog.
             Killed by divine providence
             ... invoked by an orc priest
              (11 damage)
             ... on level 4 of the Dungeon.
             The game lasted 00:01:23 (4296 turns).

qw the Chopper (Gargoyle Berserker)                 Turns: 4296, Time: 00:01:23

Health: -3/38      AC: 17    Str: 22    XL:     6   Next: 60%
Magic:  6/6        EV:  6    Int:  8    God:    Trog [***...]
Gold:   28         SH:  0    Dex:  9    Spells: 5/5 levels left

rFire   . . .      SeeInvis .   Y - +0 hand axe
rCold   . . .      Faith    .   (no shield)
rNeg    + . .      Spirit   .   c - +0 plate armour
rPois   inf        Reflect  .   (no helmet)
rElec   +          Harm     .   (no cloak)
rCorr   .          Rampage  .   (no gloves)
Will    +....                   e - +0 pair of boots
Stlth   ..........              (no amulet)
HPRegen 0.12/turn               i - ring of willpower
MPRegen 0.10/turn               (no ring)

@: about to teleport, on berserk cooldown, slowed, very slow
A: sickness immunity, AC +4, negative energy resistance 1, electricity
resistance, torment resistance 1, petrification resistance
a: Renounce Religion, Berserk, Trog's Hand


You were on level 4 of the Dungeon.
You worshipped Trog.
Trog was most pleased with you.
You visited 1 branch of the dungeon, and saw 4 of its levels.

You collected 86 gold pieces.
You spent 58 gold pieces at shops.


Innate Abilities, Weirdness & Mutations

You are immune to sickness and miasma.
Your stone body is resilient. (AC +4)
You are immune to poison.
You resist negative energy. (rN+)
You are resistant to electric shocks. (rElec)
You are resistant to unholy torment.
You are immune to petrification.


   Skills:
 - Level 4.0 Fighting
 + Level 5.8 Axes
 - Level 3.3 Armour
 - Level 1.5 Dodging


You had 5 spell levels left.
You didn't know any spells.
Your spell library was empty.

Inventory:

Hand Weapons
 g - a +0 whip
 Y - a +0 hand axe (weapon)
Armour
 c - a +0 plate armour (worn)
 e - a +0 pair of boots (worn)
Jewellery
 i - a ring of willpower (left hand)
Scrolls
 d - a scroll of identify
Potions
 b - 4 potions of curing
 f - a potion of heal wounds {unknown}

Dungeon Overview and Level Annotations

Branches:
Dungeon (4/15)
 Temple: D:4-7

Altars:

Shops:
D:3 [


Message History

The phantom is moderately damaged.
The phantom hits you but does no damage. x2
You closely miss the phantom.
The phantom is moderately damaged.
The phantom hits you.
The phantom blinks!
You blink.
Found a potion of curing and 5 stones.
4290 ||| READING 3 scrolls of teleportation.
As you read the scroll of teleportation, it crumbles to dust.
You feel strangely unstable.
The phantom hits you but does no damage.
The phantom barely misses you.
You barely miss the phantom.
The phantom is moderately damaged.
The phantom hits you but does no damage.
You slash the phantom!
The phantom is heavily damaged.
Your surroundings suddenly seem different.
An orc comes into view. It is wielding a +0 flail.
Found 4 gold pieces.
The orc shouts!
You hear an angry hiss.
An orc priest comes into view. It is wielding a +0 mace.
The orc priest moves out of view.
An orc warrior comes into view. It is wielding a +1 vampiric halberd.
Enter note:
4293 ||| READING 2 scrolls of teleportation.
As you read the scroll of teleportation, it crumbles to dust.
You feel strangely unstable.
The orc warrior shouts!
You hear a shout!
An orc priest comes into view.
It is wielding a +0 hand axe of electrocution.
Your surroundings suddenly seem different.
An orc comes into view. It is wielding a +0 whip.
The orc priest shouts!
The orc shouts!
An adder comes into view.
4295 ||| Stepping ~*~*~tactically~*~*~ (hiding).
4296 ||| READING scroll of teleportation.
As you read the scroll of teleportation, it crumbles to dust.
You feel strangely unstable.
The orc priest calls down the wrath of Beogh upon you.
Beogh smites you!
You die...

## ... #........
.## #..
......o..... ..#
#.# #..####oS..
.... .. ##.## ....
...##. #....##...
#... #...#o.o ....
#..... ##.#
##.#...o##
#....####.......@#
..##..#....##...##
###.......# #.#.#
##.#.....###.....
.....#.....#..#.#
....##........#..
.##.#........ ..#
............. #..
###.........


You could see an orc priest and an orc.

Vanquished Creatures
  A scorpion (D:4)
  Jessica (D:2)
  An iguana (D:4)
  Natasha (thrice) (D:2)
  A gnoll (D:1)
  3 adders
  3 shadow imps (D:4)
  2 white imps (D:4)
  2 ufetubi (D:4)
  A dart slug (D:3)
  4 worms
  6 ball pythons
  6 endoplasms
  A giant cockroach (D:1)
  4 goblins
  7 hobgoblins
  12 jackals
  3 quokkas
  8 bats
  3 frilled lizards
  7 kobolds
  5 rats
84 creatures vanquished.

Vanquished Creatures (others)
  9 demonic plants (D:4)
9 creatures vanquished.

Grand Total: 93 creatures vanquished

Notes
Turn   | Place    | Note
-------+----------+-------------------------------------------
     0 | D:1      | qw the Gargoyle Berserker began the quest for the Orb.
     0 | D:1      | Reached XP level 1. HP: 14/14 MP: 1/1
     0 | D:1      | 0 ||| qw: Version: 0.1-a-103-gd6f5d3a
     0 | D:1      | 0 ||| qw: Game counter: 5766
     0 | D:1      | 0 ||| qw: Always use a shield: true
     0 | D:1      | 0 ||| qw: Do Orc after D:15 true
     0 | D:1      | 0 ||| qw: Do second Lair branch before Depths: true
     0 | D:1      | 0 ||| qw: Lair rune preference: random
     0 | D:1      | 0 ||| qw: Plans: Normal
     0 | D:1      | 0 ||| PLANNING D:1-11
    75 | D:1      | Reached skill level 3 in Axes
   327 | D:1      | Reached XP level 2. HP: 19/19 MP: 2/2
   358 | D:1      | 358 ||| Stepping ~*~*~tactically~*~*~ (stealth).
   375 | D:1      | 375 ||| Stepping ~*~*~tactically~*~*~ (stealth).
   376 | D:1      | 376 ||| Stepping ~*~*~tactically~*~*~ (stealth).
   381 | D:1      | 381 ||| Stepping ~*~*~tactically~*~*~ (stealth).
   490 | D:1      | 490 ||| DROPPING +0 club.
   551 | D:1      | Found a faded altar of an unknown god.
   679 | D:1      | 679 ||| Stepping ~*~*~tactically~*~*~ (stealth).
   685 | D:1      | Reached ** piety under Trog
   862 | D:1      | 862 ||| INVOKING Berserk.
   868 | D:1      | Reached XP level 3. HP: 23/23 MP: 3/3
   954 | D:1      | 954 ||| Stepping ~*~*~tactically~*~*~ (stealth).
   956 | D:1      | 956 ||| Stepping ~*~*~tactically~*~*~ (stealth).
   960 | D:1      | 960 ||| Stepping ~*~*~tactically~*~*~ (stealth).
   968 | D:1      | 968 ||| Stepping ~*~*~tactically~*~*~ (stealth).
   969 | D:1      | 969 ||| Stepping ~*~*~tactically~*~*~ (stealth).
   970 | D:1      | 970 ||| Stepping ~*~*~tactically~*~*~ (stealth).
   971 | D:1      | 971 ||| Stepping ~*~*~tactically~*~*~ (stealth).
  1008 | D:1      | 1008 ||| Stepping ~*~*~tactically~*~*~ (stealth).
  1014 | D:1      | Reached skill level 4 in Axes
  1096 | D:1      | 1096 ||| Stepping ~*~*~tactically~*~*~ (stealth).
  1099 | D:1      | 1099 ||| Stepping ~*~*~tactically~*~*~ (stealth).
  1268 | D:1      | 1268 ||| UPGRADING to +0 plate armour.
  1278 | D:1      | 1278 ||| DROPPING +0 animal skin.
  1279 | D:1      | 1279 ||| READING 2 scrolls labelled EHID TIMN.
  1284 | D:1      | 1284 ||| READING 2 scrolls labelled BILOASKUJO.
  1385 | D:1      | 1385 ||| DROPPING scroll of silence.
  1393 | D:2      | Noticed Natasha
  1394 | D:2      | 1394 ||| INVOKING Berserk.
  1397 | D:2      | Killed Natasha
  1398 | D:2      | Reached XP level 4. HP: 28/28 MP: 4/4
  1600 | D:2      | 1600 ||| FLEEEEING.
  1601 | D:2      | 1601 ||| FLEEEEING.
  1602 | D:2      | 1602 ||| FLEEEEING.
  1603 | D:2      | 1603 ||| STAIRDANCE
  1605 | D:1      | HP: 6/28 [something (7)]
  1888 | D:1      | 1888 ||| READING scroll labelled VONTINT WATIMO.
  1910 | D:2      | Noticed Natasha
  1911 | D:2      | 1911 ||| Stepping ~*~*~tactically~*~*~ (stealth).
  1916 | D:2      | 1916 ||| Stepping ~*~*~tactically~*~*~ (hiding).
  1918 | D:2      | 1918 ||| Stepping ~*~*~tactically~*~*~ (hiding).
  1921 | D:2      | 1921 ||| INVOKING Berserk.
  1927 | D:2      | Killed Natasha
  2099 | D:2      | Identified the +1 spear of Cafri {freeze, +Blink rPois
                  | Dex+5}
  2174 | D:2      | 2174 ||| Stepping ~*~*~tactically~*~*~ (stealth).
  2500 | D:2      | Reached skill level 5 in Axes
  2585 | D:2      | Noticed Jessica
  2586 | D:2      | 2586 ||| Stepping ~*~*~tactically~*~*~ (hiding).
  2593 | D:2      | Noticed Natasha
  2598 | D:2      | 2598 ||| INVOKING Berserk.
  2599 | D:2      | Killed Jessica
  2600 | D:2      | Reached XP level 5. HP: 32/32 MP: 5/5
  2600 | D:2      | Killed Natasha
  2601 | D:2      | Reached skill level 3 in Armour
  2751 | D:2      | 2751 ||| READING scroll labelled LOIMMA TYAPH.
  2752 | D:2      | 2752 ||| DRINKING 3 orange potions.
  2753 | D:2      | 2753 ||| DROPPING 2 potions of attraction.
  2806 | D:3      | 2806 ||| Stepping ~*~*~tactically~*~*~ (stealth).
  2840 | D:3      | 2840 ||| Stepping ~*~*~tactically~*~*~ (stealth).
  2844 | D:3      | 2844 ||| Stepping ~*~*~tactically~*~*~ (stealth).
  2855 | D:3      | Found Ebiph's Armour Emporium.
  2859 | D:3      | 2859 ||| SHOPLISTING +0 helmet of intelligence (149 gold,
                  | have 63).
  2859 | D:3      | 2859 ||| BUYING +0 pair of boots (58 gold).
  2859 | D:3      | Bought a +0 pair of boots for 58 gold pieces
  3437 | D:3      | Reached *** piety under Trog
  3808 | D:3      | 3808 ||| UPGRADING to +0 pair of boots.
  3813 | D:3      | 3813 ||| UPGRADING to ring of willpower.
  3814 | D:3      | 3814 ||| READING scroll labelled GUIGIS WEISIVE.
  3815 | D:3      | 3815 ||| READING 2 scrolls of identify.
  3815 | D:3      | 3815 ||| IDENTIFYING inky potion
  3816 | D:3      | 3816 ||| DROPPING potion of degeneration.
  3851 | D:4      | 3851 ||| INVOKING Berserk.
  3854 | D:4      | HP: 11/49 [white imp/puff of frost (4)]
  3857 | D:4      | Reached XP level 6. HP: 12/38 MP: 6/6
  3861 | D:4      | HP: 11/57 [ufetubus (1)]
  3931 | D:4      | 3931 ||| FLEEEEING.
  3932 | D:4      | 3932 ||| STAIRDANCE
  4106 | D:4      | 4106 ||| STAIRDANCE
  4190 | D:4      | 4190 ||| FLEEEEING.
  4191 | D:4      | 4191 ||| FLEEEEING.
  4193 | D:4      | 4193 ||| FLEEEEING.
  4195 | D:4      | 4195 ||| FLEEEEING.
  4196 | D:4      | 4196 ||| FLEEEEING.
  4214 | D:4      | 4214 ||| FLEEEEING.
  4215 | D:4      | 4215 ||| FLEEEEING.
  4216 | D:4      | 4216 ||| FLEEEEING.
  4222 | D:4      | 4222 ||| STAIRDANCE
  4268 | D:4      | 4268 ||| Stepping ~*~*~tactically~*~*~ (stealth).
  4277 | D:4      | 4277 ||| INVOKING Berserk.
  4289 | D:4      | HP: 7/38 [phantom (6)]
  4290 | D:4      | 4290 ||| READING 3 scrolls of teleportation.
  4293 | D:4      | Noticed an orc warrior
  4293 | D:4      | 4293 ||| READING 2 scrolls of teleportation.
  4295 | D:4      | 4295 ||| Stepping ~*~*~tactically~*~*~ (hiding).
  4296 | D:4      | 4296 ||| READING scroll of teleportation.
  4296 | D:4      | Killed from afar by an orc priest

Levels and vault maps discovered:
D:1:      dpeg_arrival_renting, layout_rooms,
          hellmonk_ecumenical_altar_dog_temple, nrook_mini_backslash,
          chequers_serial_rivers_micro_e, grunt_decor_mini_mirrors
D:2:      layout_loops_ring, uniq_natasha, uniq_jessica
D:3:      layout_basic, serial_shops, nicolae_shop_statue_plus
D:4:      layout_cave_pools, serial_demonic, serial_demonic_f, serial_demonic_g,
          serial_demonic_g, serial_demonic_g, serial_demonic_a,
          serial_demonic_g, uniq_edmund

Skill      XL: |  1  2  3  4  5 |
---------------+----------------+-----
Axes           | 3 4 5 |  5.8
Armour         | 3 |  3.3
Fighting       | 4 |  4.0
Dodging        | |  1.5

Action                   |  1- 3 |  4- 6 || total
-------------------------+-------+-------++-------
Melee: Hand axe          |    79 |   182 ||   261
       Punch             |     2 |     3 ||     5
Invok: Berserk           |     2 |     4 ||     6
  Use: Scroll            |     2 |     7 ||     9
       Potion            |       |     1 ||     1
Armor: Animal skin       |    21 |       ||    21
       Plate armour      |     1 |   142 ||   143
Dodge: Dodged            |    30 |    56 ||    86

Table legend:
 A = Non-vault XP
 B = Vault XP
 C = Vault XP percentage of total XP
 D = Non-vault monster count
 E = Vault monster count
 F = Vault count percentage of total count
                 A         B        C        D         E       F
            +---------+---------+-------+---------+---------+-------
      Total |     354 |     144 |  28.9 |      73 |      11 |  13.1
            +---------+---------+-------+---------+---------+-------
        D:1 |      52 |       4 |   7.1 |      24 |       2 |   7.7
        D:2 |     107 |      70 |  39.5 |      24 |       2 |   7.7
        D:3 |      42 |       0 |   0.0 |      15 |       0 |   0.0
        D:4 |     153 |      70 |  31.4 |      10 |       7 |  41.2
            +---------+---------+-------+---------+---------+-------
